 Dungeon Crawl Stone Soup version 0.29-a0-866-g0545e20025 (webtiles) character file.

Game seed: 2233385068123527156

245364 Malachi the Brawler (level 18, -5/172 (182) HPs)
             Began as a Troll Monk on July 17, 2022.
             Was the Champion of Ru.
             Killed from afar by a storm dragon (39 damage)
             ... with a bolt of lightning
             ... on level 1 of the Elven Halls.
             The game lasted 01:14:30 (35245 turns).

Malachi the Brawler (Troll Monk)                   Turns: 35245, Time: 01:14:32

HP:   -5/172 (182)  AC: 35    Str: 36    XL:     18   Next: 76%
MP:   17/17         EV: -5    Int:  6    God:    Ru [******]
Gold: 2743          SH: 11    Dex: 12    Spells: 17/17 levels left

rFire   + . .      SeeInvis .     - Unarmed
rCold   + . .      Faith    .   T - +0 kite shield
rNeg    . . .      Spirit   .   G - +9 scales of the Dragon King {rPois rF+ rC+ Will+}
rPois   +          Reflect  .   F - +2 hat {Will+}
rElec   .          Harm     .   W - scarf {repulsion}
rCorr   .          Rampage  .   (gloves unavailable)
Will    +++++                   (boots unavailable)
Stlth   ..........              V - amulet "Eqatoz" {Acrobat *Slow Will++}
HPRegen 1.18/turn               D - +4 ring of protection
MPRegen 0.15/turn               t - +6 ring of strength

@: drained, repel missiles
A: large, unfitting armour, claws 3, regeneration 1, shaggy fur 1, tough skin 1,
no stealth, hated by all, inability to train dodging, no ice magic, no
translocations magic, no transmutations magic, reduced EV 2
}: 2/15 runes: serpentine, barnacled
a: Renounce Religion, Draw Out Power, Power Leap, Apocalypse


You were on level 1 of the Elven Halls.
You worshipped Ru.
Ru was exalted by your worship.
You visited 7 branches of the dungeon, and saw 33 of its levels.
You visited the Abyss 1 time.
You visited 1 bazaar.
You also visited: Sewer and Ice Cave.

You collected 4636 gold pieces.
You spent 1893 gold pieces at shops.

Inventory:

Missiles
 a - 43 poisoned darts
 n - 60 large rocks (quivered)
 E - 13 throwing nets
 Z - 13 javelins
Armour
 F - a +2 hat of willpower (worn)
 G - the +9 scales of the Dragon King (worn) {rPois rF+ rC+ Will+}
   (You found it on level 3 of the Shoals)

   rF:        It protects you from fire.
   rC:        It protects you from cold.
   rPois:     It protects you from poison.
   Will:      It increases your willpower.
 T - a +0 kite shield (worn)
 W - a scarf of repulsion (worn)
Jewellery
 r - an amulet of regeneration
 t - a +6 ring of strength (right claw)
 D - a +4 ring of protection (left claw)
 R - a ring of flight
 V - the amulet "Eqatoz" (around neck) {Acrobat *Slow Will++}
   (You bought it in a shop in a bazaar)

   [amulet of the acrobat]

   It increases your evasion while moving and waiting.
   *Slow:     It may slow you when you take damage.
   Will:      It greatly increases your willpower.
Wands
 o - a wand of iceblast (38)
 J - a wand of quicksilver (10)
 K - a wand of flame (34)
 N - a wand of polymorph (6)
 U - a wand of mindburst (8)
Scrolls
 c - 4 scrolls of poison
 d - 3 scrolls of fear
 e - 8 scrolls of amnesia
 f - 14 scrolls of teleportation
 g - 6 scrolls of blinking
 m - 3 scrolls of magic mapping
 p - 6 scrolls of silence
 w - 7 scrolls of enchant weapon
 y - 5 scrolls of brand weapon
 A - a scroll of enchant armour
 O - 7 scrolls of fog
 P - 3 scrolls of vulnerability
 Q - a scroll of torment
Potions
 b - 9 potions of ambrosia
 h - 3 potions of heal wounds
 i - 23 potions of curing
 j - 6 potions of mutation
 l - 2 potions of magic
 q - 5 potions of flight
 s - 4 potions of resistance
 u - 4 potions of lignification
 z - 2 potions of cancellation
 C - 5 potions of might
 L - 3 potions of haste
 M - 5 potions of attraction
 S - 2 potions of invisibility
 X - a potion of berserk rage
 Y - a potion of brilliance
Miscellaneous
 k - a tin of tremorstones (2/2)
 v - a condenser vane
 x - a phial of floods
 H - a lightning rod (4/4)


   Skills:
 - Level 12.0 Fighting
 + Level 12.9 Throwing
 - Level 12.0 Armour
 - Level 12.0 Shields
 - Level 19.0 Unarmed Combat
 - Level 10.0 Evocations


You had 17 spell levels left.
You didn't know any spells.
Your spell library contained the following spells:

 Spells                   Type           Power      Damage    Failure   Level
 Foxfire                  Conj/Fire      0%         2x1d4     100%        1
 Shock                    Conj/Air       0%         1d3       100%        1
 Poisonous Vapours        Pois/Air       0%         N/A       100%        2
 Static Discharge         Conj/Air       0%         3-3/arc   100%        2
 Conjure Flame            Conj/Fire      0%         6-21      100%        3
 Inner Flame              Hex/Fire       0%         N/A       100%        3
 Mephitic Cloud           Conj/Pois/Air  0%         N/A       100%        3
 Swiftness                Air            0%         N/A       100%        3
 Airstrike                Air            0%         0-1+      100%        4
 Cause Fear               Hex            0%         N/A       100%        4
 Corpse Rot               Necr/Pois/Air  0%         N/A       100%        4
 Dispel Undead            Necr           0%         3d6       100%        4
 Flame Wave               Conj/Fire      0%         2d4       100%        4
 Leda's Liquefaction      Hex/Erth       0%         N/A       100%        4
 Olgreb's Toxic Radiance  Pois           0%         N/A       100%        4
 Sticky Flame             Conj/Fire      0%         2d3       100%        4
 Borgnjor's Vile Clutch   Necr/Erth      0%         N/A       100%        5
 Iskenderun's Battlesphe  Conj           0%         2d6       100%        5
 Conjure Ball Lightning   Conj/Air       0%         3x3d6     100%        6
 Iron Shot                Conj/Erth      0%         9d1       100%        6
 Discord                  Hex            0%         N/A       100%        8
 Ignition                 Fire           0%         3d3       100%        8
 Chain Lightning          Conj/Air       0%         N/A       100%        9
 Fire Storm               Conj/Fire      0%         5d1       100%        9
 Shatter                  Erth           0%         3d5*      100%        9
 Freeze                   Ice            Unusable   1d3       N/A         1
 Sting                    Tmut/Pois      Unusable   1d3       N/A         1
 Call Canine Familiar     Summ           Unusable   N/A       N/A         3
 Frozen Ramparts          Ice            Unusable   1d2       N/A         3
 Ignite Poison            Fire/Tmut/Pois Unusable   N/A       N/A         3
 Portal Projectile        Hex/Tloc       Unusable   N/A       N/A         3
 Animate Dead             Necr           Unusable   N/A       N/A         4
 Hailstorm                Conj/Ice       Unusable   3d3       N/A         4
 Ice Form                 Ice/Tmut       Unusable   N/A       N/A         4
 Death Channel            Necr           Unusable   N/A       N/A         6
 Simulacrum               Ice/Necr       Unusable   N/A       N/A         6
 Dragon Form              Tmut           Unusable   N/A       N/A         7
 Ozocubu's Refrigeration  Ice            Unusable   4d5       N/A         7
 Spellforged Servitor     Conj/Summ      Unusable   N/A       N/A         7
 Storm Form               Tmut/Air       Unusable   N/A       N/A         7
 Dragon's Call            Summ           Unusable   N/A       N/A         9

Dungeon Overview and Level Annotations

Branches:
Dungeon (15/15)            Temple (1/1) D:4            Lair (6/6) D:9
 Shoals (4/4) Lair:3        Snake (4/4) Lair:3        Slime (0/5) Lair:5
    Orc (2/2) D:10            Elf (1/3) Orc:2        Vaults (0/5) D:13
 Depths (0/4) D:15          Sewer (visited)           IceCv (visited)

Altars:
Ashenzari
Cheibriados
Gozag
Kikubaaqudgha
Qazlal
Ru
Trog
Uskayaw
Wu Jian
The Shining One

Shops:
D:3 (   Orc:2 ![(!   Elf:1 [!([[   Shoals:2 =   Shoals:4 *??


Innate Abilities, Weirdness & Mutations

You are too large for most types of armour.
You have claws for hands.
Your natural rate of healing is unusually fast.
You are covered in fur. (AC +1)
You have tough skin. (AC +1)
You cannot be stealthy.
You are hated by all.
You cannot train Dodging skill.
You cannot study or cast Ice magic.
You cannot study or cast Translocations magic.
You cannot study or cast Transmutations magic.
You have slow reflexes. (EV -10)


Message History

You are too injured to fight recklessly!
You are too injured to fight recklessly!
You scratch the storm dragon but do no damage.
The storm dragon is lightly wounded.
The storm dragon bites you!
The storm dragon claws you but does no damage.
The storm dragon tramples you but does no damage.
You claw the storm dragon!
The storm dragon is lightly wounded.
You feel yourself speed up.
The storm dragon begins to attack, but is stunned by your conviction!
The storm dragon bites you.
The storm dragon claws you but does no damage.
You block the storm dragon's attack.
You scratch the storm dragon.
The storm dragon is lightly wounded.
The storm dragon breathes lightning at you.
The bolt of lightning hits you!!
* * * LOW HITPOINT WARNING * * *
You claw the storm dragon!
The storm dragon is moderately wounded.
The storm dragon bites you but does no damage.
The storm dragon claws you but does no damage.
The storm dragon tramples you but does no damage.
You mangle the storm dragon!!
The storm dragon is heavily wounded.
You scratch the storm dragon but do no damage.
The storm dragon is heavily wounded.
The storm dragon bites you.
* * * LOW HITPOINT WARNING * * *
You focus your inner power and illuminate the storm dragon in retribution!
The storm dragon claws you but does no damage.
The storm dragon tramples you!
* * * LOW HITPOINT WARNING * * *
You stumble backwards!
You scratch the storm dragon.
The storm dragon is heavily wounded.
The storm dragon breathes lightning at you.
The bolt of lightning hits you!!!
You die...

.## #+### #..# #.' .# ### #...##
#..## ##.# .# #.# #....##
#...###..# .# #.#
#####.....#####........ .# #)#
#..........'.....###### .#
#)#############.####+## .#
#)##88#88#88'.#.......## # ##
#)))).......'[#........## ##
######).))))....@D.#[........###.
.......)#).#..#(.###..........#..
.######['))......)8#.............
.# #.'.).......8##.........#.. ##
#.#..#..#).#####.......###.
#.+.......†'.# ##.....## ##
#.+........'.# ####### #
###88#88#88'.# ############


You could see a storm dragon (catching breath, corona).

Vanquished Creatures
  Jorgrun (D:15)
  Mlioglotl (Snake:1)
  Rupert (Lair:4)
  Polyphemus (Shoals:2)
  6 krakens (Shoals:4)
  Gastronok (D:8)
  5 nagarajas
  A frost giant (D:15)
  The ghost of gabibbone the Fighter, a journeyman GrEE of the Shining One (Orc:2)
  A reaper (IceCv)
  The ghost of Shavain the Nimble, a journeyman DgEE (Orc:2)
  A deep elf demonologist (Elf:1)
  The ghost of Malachi the Grappler, a journeyman TrMo of Ru (Orc:1)
  5 merfolk javelineers
  A deep elf high priest (Elf:1)
  2 fire dragons
  2 ice dragons
  7 merfolk impalers
  Harold (D:10)
  Fannar (D:10)
  2 salamander tyrants (Snake:4)
  A boulder beetle (D:13)
  2 vault guards (D:13)
  Erolcha (D:8)
  6 catoblepae
  A centaur warrior (D:9)
  3 hydras
  Erica (Lair:1)
  17 naga warriors
  3 ogre magi
  4 merfolk avatars
  4 merfolk aquamancers
  2 dancing weapons (Elf:1)
  A satyr (Shoals:3)
  14 two-headed ogres
  10 anacondas
  A tengu warrior (D:15)
  12 death yaks
  Urug (D:10)
  13 naga sharpshooters
  4 deep elf knights (Elf:1)
  6 shock serpents
  Nergalle (Lair:1)
  4 salamander mystics
  14 sea snakes
  A sea snake (shapeshifter) (Elf:1)
  The ghost of astraldaughter the Destroyer, a novice DgHW (D:7)
  A deep troll (Orc:2)
  A naga ritualist (Snake:3)
  3 wizards (D:13)
  A swamp dragon (Lair:6)
  Pikel (D:4)
  17 harpies
  4 deep elf archers (Elf:1)
  10 deep elf zephyrmancers (Elf:1)
  2 oklob plants (Lair:4)
  A necromancer (D:13)
  2 wolf spiders (Lair:6)
  2 mana vipers
  7 deep elf pyromancers
  An orc sorcerer (Elf:1)
  15 fauns
  13 manticores
  16 cyclopes
  12 salamanders
  An elephant (Lair:4)
  10 merfolk sirens
  14 ugly things
  Joseph (D:7)
  9 water nymphs
  2 ice statues (IceCv)
  4 guardian serpents
  16 naga magi
  30 black mambas
  2 moths of wrath (Orc:1)
  2 gargoyles
  2 molten gargoyles (Lair:4)
  11 cane toads
  A kobold demonologist (D:11)
  An unseen horror (D:7)
  3 rime drakes
  8 komodo dragons
  3 anaconda simulacra (IceCv)
  7 ice devils
  2 entropy weaver simulacra (IceCv)
  2 tengu conjurers (D:14)
  10 trolls
  4 wind drakes
  A polar bear (Lair:2)
  3 meliai (D:13)
  A queen bee (D:13)
  37 merfolk
  3 hornets
  9 blink frogs
  14 dream sheep
  6 slime creatures
  Grinder (Sewer)
  8 snapping turtles
  An air elemental (Elf:1)
  A shadow (D:11)
  11 water elementals
  A fire elemental (Elf:1)
  4 wraiths
  75 yaks
  Grum (D:8)
  16 wyverns
  3 dire elephant simulacra (IceCv)
  6 basilisks
  4 redbacks (Lair:6)
  2 steam dragons (Lair:6)
  19 humans (D:13)
  3 vampire mosquitoes (D:11)
  10 wargs
  2 harpy simulacra (IceCv)
  54 nagas
  3 acid dragons
  21 water moccasins
  15 orc warriors
  A swamp drake (Lair:6)
  2 sky beasts (D:7)
  A black bear (D:3)
  A meliai simulacrum (D:15)
  22 ogres
  5 centaurs
  13 wolves
  2 phantoms
  A kobold brigand (Sewer)
  3 lemures (D:4)
  Blork the orc (D:6)
  4 necrophages
  A scorpion (D:7)
  8 bullfrogs
  An earth elemental (Elf:1)
  6 gnoll sergeants
  6 wights
  21 killer bees
  3 electric eels
  7 howler monkeys
  5 lava snakes (Lair:4)
  9 hounds
  6 jellies
  2 gnoll boudas (D:9)
  Crazy Yiuf (D:4)
  8 orc priests
  2 iguanas (Lair:6)
  32 orc wizards
  2 polar bear simulacra (IceCv)
  2 troll simulacra (IceCv)
  2 wolf simulacra (IceCv)
  Robin (D:2)
  30 gnolls
  A naga simulacrum (IceCv)
  4 adders
  3 shadow imps (Sewer)
  2 white imps
  5 ufetubi
  4 worms
  A dart slug (D:5)
  94 orcs
  5 bats
  2 endoplasms (D:2)
  15 giant cockroaches
  20 goblins
  16 hobgoblins
  8 jackals
  2 quokkas
  5 ball pythons
  3 frilled lizards (D:2)
  19 kobolds
  2 kobold zombies (Sewer)
  A rat (D:3)
  A bush (Lair:4)
  18 tentacles (Shoals:4)
1202 creatures vanquished.

Vanquished Creatures (others)
  A storm dragon (Elf:1)
  A deep elf high priest (Elf:1)
  A merfolk impaler (Shoals:4)
  A satyr (Shoals:4)
  2 two-headed ogres
  A deep troll (Orc:2)
  3 harpies
  An ugly thing (D:15)
  A salamander (Snake:3)
  A naga mage (Snake:1)
  2 black mambas
  A merfolk (Shoals:1)
  2 water elementals (Elf:1)
  An air elemental (Elf:1)
  2 nagas
  An orc warrior (Orc:2)
  An ogre (Orc:2)
  A gnoll sergeant (D:9)
  An orc priest (Elf:1)
  An orc wizard (Elf:1)
  A gnoll (D:9)
  A shadow imp (Sewer)
  2 orcs
  4 bushes
  45 fungi
  174 plants
  24 tentacles (Shoals:4)
  6 withered plants (Orc:2)
283 creatures vanquished.

Grand Total: 1485 creatures vanquished

Notes
Turn   | Place    | Note
-------+----------+-------------------------------------------
     0 | D:1      | Malachi the Troll Monk began the quest for the Orb.
     0 | D:1      | Reached XP level 1. HP: 22/22 MP: 0/0
   183 | D:1      | Found a faded altar of an unknown god.
   201 | D:1      | Reached XP level 2. HP: 27/29 MP: 1/1
   972 | D:2      | Reached skill level 4 in Unarmed Combat
  1119 | D:2      | Reached XP level 3. HP: 36/36 MP: 2/2
  1134 | D:2      | Noticed Robin
  1141 | D:2      | Killed Robin
  1555 | D:3      | Got the Grimoire of Gusts
  1563 | D:3      | Found Pywkyh's Weapon Shoppe.
  1580 | D:3      | Noticed a black bear
  1598 | D:3      | Killed a black bear
  1599 | D:3      | Reached skill level 5 in Unarmed Combat
  1599 | D:3      | Reached XP level 4. HP: 6/44 MP: 3/3
  1599 | D:3      | Reached XP level 5. HP: 7/50 MP: 4/4
  1806 | D:3      | Reached skill level 6 in Unarmed Combat
  2457 | D:4      | Noticed an ogre
  2461 | D:4      | Killed an ogre
  2462 | D:4      | Reached XP level 6. HP: 59/59 MP: 5/5
  2473 | D:4      | Reached skill level 7 in Unarmed Combat
  2803 | D:4      | Noticed Pikel
  2901 | D:4      | Found a staircase to the Ecumenical Temple.
  2922 | Temple   | Entered the Ecumenical Temple
  3076 | Temple   | Became a worshipper of Ru the Awakened
  3089 | Temple   | Gained mutation: You cannot train Dodging skill. [Ru
                  | sacrifice]
  3089 | Temple   | Reached * piety under Ru
  3164 | D:4      | Found a runed translucent door.
  3165 | D:4      | Noticed Crazy Yiuf
  3316 | D:4      | Killed Pikel
  3317 | D:4      | Reached skill level 9 in Unarmed Combat
  3317 | D:4      | Reached XP level 7. HP: 16/66 MP: 6/6
  3610 | D:4      | Killed Crazy Yiuf
  3658 | D:5      | Entered Level 5 of the Dungeon
  3678 | D:5      | Reached XP level 8. HP: 70/74 MP: 7/7
  3791 | D:5      | Reached skill level 10 in Unarmed Combat
  3895 | D:5      | Identified the +1 robe "Vuvoptikk" {Harm Rampage Will+}
  4489 | D:6      | Found a glowing drain.
  4504 | Sewer    | Entered a sewer
  4614 | Sewer    | Found an ancient bone altar of Kikubaaqudgha.
  4618 | Sewer    | Noticed Grinder
  4671 | Sewer    | Killed Grinder
  4672 | Sewer    | Reached skill level 11 in Unarmed Combat
  4995 | D:6      | Reached skill level 12 in Unarmed Combat
  4995 | D:6      | Reached XP level 9. HP: 66/80 MP: 8/8
  5301 | D:6      | Noticed Blork the orc
  5311 | D:6      | Killed Blork the orc
  5685 | D:7      | Identified the +1 robe of Sandy Lucidity {rN+ Regen+ Str-3}
  5691 | D:7      | Noticed Joseph
  5737 | D:7      | Killed Joseph
  5902 | D:7      | Reached skill level 5 in Fighting
  5908 | D:7      | Gained mutation: You cannot be stealthy. [Ru sacrifice]
  5908 | D:7      | Reached ** piety under Ru
  6084 | D:7      | Found a runed translucent gate.
  6084 | D:7      | Found a runed translucent gate.
  6085 | D:7      | Found a runed translucent gate.
  6085 | D:7      | Found an opulent altar of Gozag.
  6088 | D:7      | Noticed astraldaughter's ghost (novice DgHW)
  6113 | D:7      | Killed astraldaughter's ghost
  6114 | D:7      | Reached XP level 10. HP: 26/102 MP: 9/9
  6741 | D:8      | Found a broken altar of Ashenzari.
  6827 | D:8      | Noticed Gastronok
  6839 | D:8      | Killed Gastronok
  7149 | D:8      | Noticed Grum
  7156 | D:8      | Killed Grum
  7499 | D:9      | Noticed Erolcha
  7526 | D:9      | Noticed a four-headed hydra
  7526 | D:9      | Noticed a centaur warrior
  7526 | D:9      | Noticed a catoblepas
  7527 | D:9      | Noticed a cyclops
  7528 | D:9      | Reached skill level 10 in Fighting
  7857 | D:8      | Killed Erolcha
  7858 | D:8      | Reached XP level 11. HP: 52/119 MP: 10/10
  8323 | D:9      | Killed an eight-headed hydra
  8431 | D:9      | Killed a centaur warrior
  8529 | D:9      | Reached skill level 1 in Armour
  8679 | D:9      | Noticed a two-headed ogre
  8686 | D:9      | Killed a two-headed ogre
  8708 | D:9      | Killed a catoblepas
  8742 | D:9      | Gained mutation: You cannot study or cast Ice magic. [Ru
                  | sacrifice]
  8742 | D:9      | Gained mutation: You cannot study or cast Transmutations
                  | magic. [Ru sacrifice]
  8742 | D:9      | Gained mutation: You cannot study or cast Translocations
                  | magic. [Ru sacrifice]
  8742 | D:9      | Reached *** piety under Ru
  8890 | D:9      | Found a staircase to the Lair.
  9025 | D:9      | Reached skill level 5 in Armour
  9328 | Lair:1   | Entered Level 1 of the Lair of Beasts
  9402 | Lair:1   | Noticed Nergalle
  9416 | Lair:1   | Killed Nergalle
  9428 | Lair:1   | Found a frozen archway.
  9435 | Lair:1   | Reached XP level 12. HP: 128/132 MP: 11/11
  9453 | IceCv    | Entered an ice cave
  9781 | IceCv    | Noticed a reaper
  9793 | IceCv    | Killed a reaper
 10193 | Lair:1   | Identified the +0 robe of Lyatzank {rC+ Will- Str+3 Dex+3}
 10564 | Lair:2   | Noticed Erica
 10582 | Lair:1   | Killed Erica
 10744 | Lair:2   | Reached skill level 10 in Armour
 10874 | Lair:2   | Reached XP level 13. HP: 129/140 MP: 12/12
 11784 | Lair:3   | Found a staircase to the Shoals.
 11814 | Lair:3   | Found a staircase to the Snake Pit.
 12343 | Lair:4   | Noticed Rupert
 12361 | Lair:4   | Killed Rupert
 12362 | Lair:4   | Reached skill level 1 in Evocations
 12464 | Lair:4   | Identified the +2 ring mail "Denostre" {-Cast +Inv Dex+10}
 13185 | Lair:5   | Found a viscous altar of Jiyva.
 13185 | Lair:5   | Found a staircase to the Slime Pits.
 13427 | Lair:5   | Reached skill level 5 in Evocations
 13921 | Lair:5   | Gained mutation: You are hated by all. [Ru sacrifice]
 13921 | Lair:5   | Reached **** piety under Ru
 13921 | Lair:5   | Reached ***** piety under Ru
 14134 | Lair:6   | Entered Level 6 of the Lair of Beasts
 14226 | Lair:6   | Reached XP level 14. HP: 149/149 MP: 13/13
 15624 | D:10     | Entered Level 10 of the Dungeon
 15674 | D:10     | Noticed Fannar
 15682 | D:10     | Noticed Urug
 15682 | D:10     | Noticed Harold
 15685 | D:10     | Killed Urug
 15685 | D:10     | Killed Fannar
 15693 | D:10     | Killed Harold
 16315 | D:10     | Found a staircase to the Orcish Mines.
 16431 | Orc:1    | Entered Level 1 of the Orcish Mines
 16431 | Orc:1    | Found a transporter.
 16525 | Orc:1    | Noticed Malachi's ghost (journeyman TrMo)
 16530 | Orc:1    | Reached skill level 10 in Evocations
 16568 | Orc:1    | Found a transporter.
 16901 | Orc:1    | Reached skill level 1 in Shields
 16909 | Orc:1    | Killed Malachi's ghost
 16971 | Orc:2    | Entered Level 2 of the Orcish Mines
 17176 | Orc:2    | Reached skill level 5 in Shields
 17530 | Orc:2    | Found a runed translucent gate.
 17530 | Orc:2    | Found a runed translucent gate.
 17530 | Orc:2    | Found a runed translucent gate.
 17531 | Orc:2    | Noticed Shavain's ghost (journeyman DgEE)
 17535 | Orc:2    | Noticed gabibbone's ghost (journeyman GrEE)
 17560 | Orc:2    | Reached XP level 15. HP: 113/138 MP: 6/14
 17567 | Orc:2    | Found Tesuxev's Distillery.
 17636 | Orc:2    | Found Ubratishro's Antique Armour Boutique.
 17642 | Orc:2    | Found Puudiwo's Weapon Shoppe.
 17643 | Orc:2    | Found Ytaiqel's Distillery.
 17671 | Orc:2    | Bought a potion of resistance for 150 gold pieces
 17671 | Orc:2    | Bought a potion of heal wounds for 75 gold pieces
 17671 | Orc:2    | Bought a potion of attraction for 45 gold pieces
 17671 | Orc:2    | Bought a potion of mutation for 120 gold pieces
 17703 | Orc:2    | Gained mutation: You have somewhat slow reflexes. (EV -5)
                  | [Ru sacrifice]
 17955 | Orc:2    | Found a staircase to the Elven Halls.
 18122 | Orc:2    | Killed gabibbone's ghost
 18132 | Orc:2    | Killed Shavain's ghost
 18138 | Orc:2    | Identified the +1 chain mail of Serendipity {Int+3}
 18697 | D:11     | Found a flickering gateway to a bazaar.
 18706 | Bazaar   | Entered a bazaar
 18711 | Bazaar   | Found Tolix's Antique Armour Shoppe.
 18716 | Bazaar   | Found Komenali's Armour Shop.
 18727 | Bazaar   | Found Jare's Jewellery Emporium.
 18737 | Bazaar   | Found Ygeciusch's Jewellery Shoppe.
 18756 | Bazaar   | Bought the amulet "Eqatoz" {Acrobat *Slow Will++} for 499
                  | gold pieces
 18772 | Bazaar   | Bought an embroidered scarf for 152 gold pieces
 19654 | D:12     | Identified the +10 dagger "Fearpheott" {vorpal, rElec rC+
                  | Str+2}
 20807 | D:13     | Found a gate to the Vaults.
 20826 | Abyss:2  | Cast into level 2 of the Abyss (a wizard)
 20851 | D:13     | Escaped the Abyss
 21174 | D:13     | Reached skill level 10 in Shields
 22387 | D:15     | Entered Level 15 of the Dungeon
 22387 | D:15     | Noticed Jorgrun
 22397 | D:15     | Killed Jorgrun
 22566 | D:15     | Reached skill level 1 in Throwing
 22925 | D:15     | Reached XP level 16. HP: 149/165 MP: 15/15
 23139 | D:15     | Found a staircase to the Depths.
 23428 | Snake:1  | Entered Level 1 of the Snake Pit
 23772 | Snake:1  | Reached skill level 5 in Throwing
 24079 | Snake:1  | Noticed Mlioglotl
 24097 | Snake:1  | Killed Mlioglotl
 24618 | Snake:2  | You are sucked into a shaft and drop 1 floor!
 24772 | Snake:2  | HP: 2/154 [naga sharpshooter/bolt (12)]
 25397 | Snake:3  | Gained mutation: You have slow reflexes. (EV -10) [Ru
                  | sacrifice]
 25397 | Snake:3  | Reached ****** piety under Ru
 26192 | Snake:3  | Reached skill level 10 in Throwing
 26562 | Snake:3  | Identified the +2 spear of Wyrd {pain, *Corrode rF+ rN+
                  | Str+8}
 26996 | Snake:4  | Entered Level 4 of the Snake Pit
 27305 | Snake:4  | Reached XP level 17. HP: 118/172 MP: 16/16
 27745 | Snake:4  | Got a serpentine rune of Zot
 27858 | Snake:4  | Reached skill level 13 in Unarmed Combat
 27977 | Snake:4  | Got the Anthology of Gusts
 28534 | Shoals:1 | Entered Level 1 of the Shoals
 28590 | Shoals:1 | Reached skill level 14 in Unarmed Combat
 29545 | Shoals:1 | Reached skill level 15 in Unarmed Combat
 29961 | Shoals:2 | Noticed Polyphemus
 29982 | Shoals:2 | Killed Polyphemus
 30135 | Shoals:2 | Found Tomnan's Jewellery Shoppe.
 30404 | Shoals:2 | Reached skill level 16 in Unarmed Combat
 30975 | Shoals:3 | Found the +9 scales of the Dragon King {rPois rF+ rC+
                  | Will+}
 31571 | Shoals:3 | Reached XP level 18. HP: 160/182 MP: 17/17
 31699 | Shoals:3 | Reached skill level 17 in Unarmed Combat
 32039 | Shoals:4 | Entered Level 4 of the Shoals
 32290 | Shoals:4 | HP: 3/164 [merfolk/+0 trident (19)]
 32380 | Shoals:4 | Identified the +6 hand axe of the Pit {freeze, rPois Int+2}
 32517 | Shoals:4 | Got a barnacled rune of Zot
 32593 | Shoals:4 | Reached skill level 18 in Unarmed Combat
 33465 | Shoals:4 | Found Nijer's Assorted Antiques.
 33473 | Shoals:4 | Bought 3 scrolls of teleportation for 144 gold pieces
 33551 | Shoals:4 | Found Hunt's Magic Scroll Boutique.
 33564 | Shoals:4 | Found Taucodd's Magic Scroll Shop.
 33569 | Shoals:4 | Bought a scroll of fear for 64 gold pieces
 33573 | Shoals:4 | Bought a scroll of blinking for 112 gold pieces
 33573 | Shoals:4 | Bought a scroll of enchant armour for 112 gold pieces
 34058 | Elf:1    | Entered Level 1 of the Elven Halls
 34157 | Elf:1    | Found Sonylun's Armour Shoppe.
 34167 | Elf:1    | Found Giblunae's Armour Emporium.
 34237 | Elf:1    | Reached skill level 19 in Unarmed Combat
 34355 | Elf:1    | Found Waniyhel's Weapon Boutique.
 34510 | Elf:1    | Paralysed by an air elemental for 1 turns
 34514 | Elf:1    | Paralysed by an air elemental for 1 turns
 34519 | Elf:1    | Paralysed by an air elemental for 1 turns
 34782 | Elf:1    | Found Hacexy's Distillery.
 34787 | Elf:1    | Bought a potion of haste for 150 gold pieces
 34787 | Elf:1    | Bought a potion of haste for 150 gold pieces
 34787 | Elf:1    | Bought a potion of invisibility for 120 gold pieces
 34853 | Elf:1    | Found Fugguv's Antique Armour Emporium.
 34978 | Elf:1    | Identified the +6 great sword of the Endless March {vorpal,
                  | rElec}
 35013 | Elf:1    | Found a runed translucent gate.
 35013 | Elf:1    | Found a runed translucent gate.
 35013 | Elf:1    | Found a runed translucent gate.
 35013 | Elf:1    | Found a runed translucent gate.
 35013 | Elf:1    | Found a runed translucent gate.
 35014 | Elf:1    | Found a runed translucent gate.
 35245 | Elf:1    | Killed from afar by a storm dragon

Illustrated notes

Levels and vault maps discovered:
D:1:      roderic_chinese_lattice_arrival, layout_loops_ring,
          hellmonk_ecumenical_altar_blasted
D:2:      kennysheep_the_goblin_king, layout_loops_ring,
          chequers_serial_rivers_micro_a, palyth_stone_intersect, uniq_robin
D:3:      minmay_roachtagon, layout_basic, serial_shops,
          nicolae_shop_bloodbath_and_beyond, st_stairs_11
D:4:      nicolae_cairo_tiling_large, layout_cave_pools,
          minmay_temple_entry_statues_pillars, uniq_pikel,
          uniq_crazy_yiuf_cottage
D:5:      layout_basic, minmay_fountain_box
D:6:      layout_basic, gup_sewer_entry_pipe, uniq_blork_the_orc
D:7:      layout_basic, ebering_ghost_gozag, uniq_joseph
D:8:      layout_cave_pods, ashenzari_conservatory_becter, uniq_gastronok,
          uniq_grum
D:9:      minmay_the_grid_square_5x5_3x3 [minmay_the_grid_square_5x5_shuriken,
          minmay_the_grid_square_5x5_bite, minmay_the_grid_square_5x5_three,
          minmay_the_grid_square_5x5_doubleslash,
          minmay_the_grid_square_5x5_megaprize_crossed,
          minmay_the_grid_square_5x5_one_wall, minmay_the_grid_square_5x5_empty,
          minmay_the_grid_square_5x5_inset,
          minmay_the_grid_square_5x5_fancy_junction], layout_cross,
          david_lair_shrubbed, serial_gnoll_camp, gnoll_camp_mini_hut,
          gnoll_camp_huts_moat, gnoll_camp_mini_doghouse,
          gnoll_camp_mini_loothouse, uniq_erolcha
D:10:     layout_long_grid, david_orc_4, uniq_harold, uniq_urug, uniq_fannar
D:11:     nzn_motion_control, layout_basic, serial_shops, freezing_bzr
D:12:     layout_roguey
D:13:     layout_loops_ring, grunt_vaults_entry_tiered, special_room
          [special_room_bee], water_boxes_lemuel
D:14:     layout_stronghold, solitary_fountain, hangedman_decor_points,
          minivault_22
D:15:     grunt_enter_depths_snipers, layout_rooms,
          nicolae_concentric_dashed_squares_mild, uniq_jorgrun
Temple:   mainiacjoe_temple_trianglar_array
Lair:1:   layout_chaotic_city, portal_ice_cave_demonic_guard,
          chequers_serial_rivers_room_a, lemuel_fruit_tree, uniq_nergalle
Lair:2:   layout_gridlike, chequers_serial_rivers_small_b, wad_woods_road_05,
          serial_bayou_shore_a, uniq_erica
Lair:3:   layout_loops_ring, minmay_shoals_entry_lonely_mermaid,
          guppyfry_snake_entry_island
Lair:4:   cheibrodos_magma_flow, layout_hall_layers, minmay_lair_oklob_bushes,
          serial_bayou_pond_e, st_stairs_12, amcnicky_mini_pool_medium,
          uniq_rupert
Lair:5:   layout_regular_city, slime_entry_1, nicolae_lair_grazing_beasts
          [nicolae_sub_lair_graze_edge, nicolae_sub_lair_graze_edge,
          nicolae_sub_lair_graze_edge, nicolae_sub_lair_graze_edge]
Lair:6:   guppyfry_lair_end_dragon, layout_regular_city,
          hangedman_lair_tendril_chambers, nicolae_quartered_pool_little,
          minivault_24
Shoals:1: layout_shoals, nicolae_shoals_lost_giant_amphitheater
Shoals:2: layout_shoals, serial_shops, shop, uniq_polyphemus
Shoals:3: layout_shoals
Shoals:4: shoals_end_hangedman, layout_shoals, serial_shops,
          nicolae_shop_crystal, shop, shop, nicolae_shoals_kraken_party
Snake:1:  layout_chambers, uniq_mlioglotl
Snake:2:  layout_onion_interference, grunt_megastairs_2
Snake:3:  layout_layer_cave, guppyfry_library_mini
Snake:4:  minmay_snake_end_coiled, layout_basic
Orc:1:    layout_caves, gammafunk_ghost_berserking_beasts
Orc:2:    st_orc_open, layout_caves, gammafunk_ghost_cemetery, basic_altar
Elf:1:    minmay_elf_arrival_summoners, layout_gridlike, serial_shops, shop,
          nicolae_lakefront_shop, nicolae_shop_hallway_stairs,
          nicolae_shop_hallway_plus, shop, orc_legates,
          hangedman_elf_targetted_burst, lemuel_upstairs_altar

Skill      XL: |  1  2  3  4  5  6  7  8  9 10 11 12 13 14 15 16 17 18 |
---------------+-------------------------------------------------------+-----
Unarmed Combat | 4 5 6 9 12 16 19 | 19.0
Dodging        | 0 |  0.0
Fighting       | 7 10 12 | 12.0
Stealth        | 0 |  0.0
Armour         | 5 10 12 | 12.0
Evocations     | 6 10 | 10.0
Shields        | 6 12 | 12.0
Throwing       | 3 11 12 | 12.9

Action                   |  1- 3 |  4- 6 |  7- 9 | 10-12 | 13-15 | 16-18 || total
-------------------------+-------+-------+-------+-------+-------+-------++-------
Melee: Unarmed           |   117 |   171 |   236 |   612 |  1467 |  1465 ||  4068
       Punch             |     1 |     2 |     8 |    46 |    86 |       ||   143
Throw: Dart              |       |       |       |     2 |       |       ||     2
       Large rock        |       |       |       |       |       |    44 ||    44
Invok: Sacrifice Nimblen |       |     1 |       |       |       |       ||     1
       Sacrifice Stealth |       |       |     1 |       |       |       ||     1
       Sacrifice Arcana  |       |       |       |     1 |       |       ||     1
       Reject Sacrifices |       |       |       |     1 |     1 |       ||     2
       Sacrifice Love    |       |       |       |       |     1 |       ||     1
       Apocalypse        |       |       |       |       |     5 |    13 ||    18
       Draw Out Power    |       |       |       |       |     1 |     2 ||     3
       Sacrifice Health  |       |       |       |       |     1 |     1 ||     2
Evoke: Wand              |       |     2 |       |     9 |     1 |       ||    12
       Condenser vane    |       |       |       |       |     1 |     4 ||     5
       Phial of floods   |       |       |       |       |       |     1 ||     1
  Use: Potion            |       |     1 |       |     2 |     1 |     8 ||    12
       Scroll            |       |       |     9 |    13 |    12 |     8 ||    42
 Stab: Sleeping          |     1 |       |     3 |       |       |       ||     4
       Distracted        |       |       |     1 |     2 |     1 |     9 ||    13
       Petrified         |       |       |       |     3 |     2 |       ||     5
       Invisible         |       |       |       |     9 |    13 |    21 ||    43
       Paralysed         |       |       |       |       |    12 |    15 ||    27
       Confused          |       |       |       |       |     1 |       ||     1
       Fleeing           |       |       |       |       |       |     1 ||     1
Armor: Robe              |    36 |       |    30 |   130 |       |       ||   196
       Animal skin       |     1 |    50 |    56 |       |       |       ||   107
       Gold dragon scale |       |       |       |   284 |  1041 |   955 ||  2280
Dodge: Dodged            |    58 |    81 |    80 |   211 |    96 |    36 ||   562
       Repelled          |       |       |       |       |       |     3 ||     3
Block: Kite shield       |       |       |       |       |   234 |   717 ||   951

Table legend: (Time is in decaauts)
 A = Elapsed time spent in this place.
 B = Non-inter-level travel time spent in this place.
 C = Inter-level travel time spent in this place.
 D = Time resting spent in this place.
 E = Time spent auto-exploring this place.
 F = Levels seen in this place.
 G = Mean time per level.
                   A        B        C        D        E       F      G
               +--------+--------+--------+--------+--------+-----+--------+
         Total |  34616 |  32195 |   2421 |   3465 |  19475 |  37 |  935.6 |
       Dungeon |  14660 |  13301 |   1359 |   1559 |   8449 |  15 |  977.3 |
        Temple |    219 |    146 |     73 |      0 |    142 |   1 |  219.0 |
          Lair |   6029 |   5525 |    504 |    234 |   3637 |   6 | 1004.8 |
        Shoals |   5092 |   4875 |    217 |    818 |   2557 |   4 | 1273.0 |
     Snake Pit |   5016 |   4853 |    163 |    325 |   3194 |   4 | 1254.0 |
  Orcish Mines |   1593 |   1490 |    103 |    131 |    818 |   2 |  796.5 |
   Elven Halls |   1157 |   1157 |      0 |    367 |    552 |   1 | 1157.0 |
         Abyss |     24 |     24 |      0 |      0 |      0 |   1 |   24.0 |
        Bazaar |     86 |     86 |      0 |      0 |      0 |   1 |   86.0 |
         Sewer |    357 |    357 |      0 |      0 |    125 |   1 |  357.0 |
      Ice Cave |    377 |    377 |      0 |     31 |      0 |   1 |  377.0 |
               +--------+--------+--------+--------+--------+-----+--------+

Top non-repeatable levels by time:
 Snake:3: 1766 daAuts
     D:8: 1653 daAuts
     D:9: 1530 daAuts
Shoals:3: 1525 daAuts
 Snake:4: 1428 daAuts
Shoals:1: 1335 daAuts
  Lair:6: 1303 daAuts
Shoals:4: 1300 daAuts
 Snake:1: 1202 daAuts
   Elf:1: 1157 daAuts
    D:14: 1085 daAuts
    D:13: 1084 daAuts
    D:10: 1048 daAuts
   Orc:2: 1047 daAuts
  Lair:3: 1024 daAuts
